 Dungeon Sprint DCSS version 0.29-a0-563-g64e4043184 (webtiles) character file.

Game seed: 14051389546196088841

19390 mhtbhm the Wrestler (level 12, -20/121 HPs)
             Began as an Octopode Transmuter on June 11, 2022.
             Was an Initiate of Gozag.
             Blown up by a lich (89 damage)
             ... with an orb of destruction
             ... in the Dungeon (Sprint IX: "|||||||||||||||||||||||||||||").
             The game lasted 00:06:43 (5144 turns).

mhtbhm the Wrestler (Octopode Transmuter)           Turns: 5144, Time: 00:06:44

Health: -20/121    AC: 16    Str: 25    XL:     12   Next: 68%
Magic:  24/28      EV: 13    Int: 15    God:    Gozag
Gold:   3630       SH:  0    Dex: 18    Spells: 19/36 levels left

rFire   + + +      SeeInvis .     - Unarmed
rCold   . . .      Faith    .   (shield currently unavailable)
rNeg    . . .      Spirit   .   (helmet currently unavailable)
rPois   +          Reflect  .   (no amulet)
rElec   .          Harm     .   j - +3 ring of dexterity
rCorr   .          Rampage  .   k - +3 ring of dexterity
Will    +....      NoTele   +   r - ring of protection from fire
Stlth   ++++......              s - ring of protection from cold
HPRegen 0.30/turn               u - ring of willpower
MPRegen 0.21/turn               (no ring)
                                (no ring)
                                (no ring)

@: dragon-form, wereblooded, flying, studying Fighting
A: dragon claw, dragon scales, breathe fire, flying, boosted hp, almost no
armour, amphibious, 8 rings, giant, (camouflage 1), (gelatinous body 1), (nimble
swimmer 1), (tentacles)
a: Breathe Fire, End Transformation, Renounce Religion, Potion Petition, Call
Merchant, Bribe Branch


You were in the Dungeon.
You worshipped Gozag.
Gozag was most pleased with you.
You were a fearsome dragon!
You visited 1 branch You collected 8140 gold pieces.
You spent 3162 gold pieces at shops.
You paid 1348 gold pieces to Gozag.

Inventory:

Missiles
 l - 12 poisoned darts
 n - a throwing net
Jewellery
 j - a +3 ring of dexterity (left foreclaw)
 k - a +3 ring of dexterity (right foreclaw)
 r - a ring of protection from fire (on tentacle)
 s - a ring of protection from cold (on tentacle)
 t - a ring of fire
 u - a ring of willpower (on tentacle)
Wands
 i - a wand of acid (3)
Scrolls
 g - 3 scrolls of blinking
 h - 2 scrolls of amnesia
 m - 3 scrolls of enchant weapon
 o - 2 scrolls of identify
 w - a scroll of fear
 x - 2 scrolls of enchant armour
Potions
 a - a potion of invisibility
 b - 6 potions of curing
 c - 10 potions of heal wounds
 d - 2 potions of resistance
 e - 4 potions of magic
 f - 3 potions of berserk rage
 p - 2 potions of haste
 q - a potion of degeneration {unknown}
 v - a potion of might
 z - 2 potions of lignification
 A - a potion of ambrosia
 B - a potion of cancellation
 C - a potion of attraction


   Skills:
 * Level 7.0 Fighting
 + Level 11.1 Dodging
 + Level 9.3 Stealth
 + Level 22.0 Unarmed Combat
 + Level 12.6 Spellcasting
 + Level 11.6 Transmutations
 - Level 6.6 Ice Magic
 + Level 3.8 Evocations


You had 19 spell levels left.
You knew the following spells:

 Your Spells              Type           Power      Damage    Failure   Level
a - Beastly Appendage     Tmut           88%        N/A       1%          1
b - Wereblood             Tmut           44%        N/A       1%          2
c - Spider Form           Tmut/Pois      27%        N/A       1%          3
d - Ice Form              Ice/Tmut       37%        N/A       1%          4
e - Dragon Form           Tmut           22%        N/A       45%         7

Your spell library contained the following spells:

 Spells                   Type           Power      Damage    Failure   Level
 Cause Fear               Hex            4%         N/A       58%         4
 Dragon's Call            Summ           4%         N/A       100%        9


Dungeon Overview and Level Annotations

Branches:
Dungeon (1/1)

Altars:
Cheibriados
Dithmenos
Elyvilon
Fedhas
Gozag
Hepliaklqana
Kikubaaqudgha
Makhleb
Nemelex Xobeh
Okawaru
Qazlal
Ru
Sif Muna
Trog
Uskayaw
Vehumet
Wu Jian
Xom
Yredelemnul
Zin
The Shining One
Beogh
Jiyva
Lugonu

Shops:
D :![!(:


Innate Abilities, Weirdness & Mutations

You are a fearsome dragon!
You have a powerful clawing attack.
Your giant scaled body is strong and resiliant, but less evasive.
You can breathe fire.
You are flying.
Your maximum health is greatly increased.
Your armour is entirely melded.
You are incapable of wielding weapons or throwing items.
You cannot wear most types of armour.
You are amphibious.
You can wear up to eight rings at the same time.
((Your skin changes colour to match your surroundings (Stealth+).))
((Your rubbery body absorbs attacks. (AC +1, EV +1)))
((You are camouflaged when in or above water. (Stealth+)))
((You have tentacles for arms and can constrict up to eight enemies at once.))


Message History

You claw the boulder beetle! You claw the boulder beetle!!
The boulder beetle is almost dead.
The boulder beetle bites you but does no damage.
Unknown command.
You maul the boulder beetle!!!
You feel a bit better.
You kill the boulder beetle!
The centaur warrior is no longer distracted by gold.
The six-headed hydra is no longer distracted by gold.
Your Unarmed Combat skill increases to level 22!
You maul the polar bear!!!
You feel a bit better.
You kill the polar bear!
You roar as the wereblood boils in your veins!
The centaur warrior wields a +0 shortbow.
The centaur warrior shoots an arrow.
Your Fighting skill increases to level 7!
Unknown command.
A spriggan berserker comes into view. It is wielding a +2 antimagic hand axe.
The death knight's dark mirror aura disappears.
The centaur warrior is distracted by your dazzling golden aura.
You see here 315 gold pieces.
Unknown command.
The six-headed hydra is distracted by your dazzling golden aura.
Things that are here:
234 gold pieces; 3 large rocks
Things that are here:
135 gold pieces; a +0 scimitar of flaming
There is an open door to the Dungeon here.
There is an entrance to Laceheg's Distillery here.
You hear some strange, mumbled words.
There is an entrance to Xikko's Book Shop here.
You hear a shout!
The centaur warrior shouts!
The centaur warrior shoots an arrow.
The arrow barely misses you.
The centaur warrior shoots an arrow.
Something conjures a glowing orb.
An orb of destruction comes into view.
You see here +0 storm dragon scales.
You see here a +2 plate armour.
The orb of destruction hits you!!!!
Ouch! That really hurt!
You die...

▓)▓)▓)▓.▓'▓.▓_▓
▓)▓.▓)▓.▓.▓.▓_▓
▓.▓.▓)▓.▓.▓.▓_▓
▓[▓.▓)▓.▓.▓.▓_▓
▓[▓.▓)▓.▓.▓.▓_▓
▓[▓.▓.▓.▓.▓.▓_▓
▓[▓)▓)▓.▓.▓.▓_▓
▓[▓.▓)▓.▓.▓.▓_▓
▓D▓.▓)▓.▓.▓.▓_▓
▓○▓.▓)▓.▓.▓.▓_▓
▓○▓.▓)▓.▓'▓.▓_▓
▓○▓.▓)▓.▓.▓.▓_▓
▓○▓.▓)▓.▓.▓.▓_▓
▓{▓.▓)▓.▓.▓.▓_▓
▓○▓.▓.▓.▓.▓.▓_▓
▓c▓.▓)▓.▓.▓.▓_▓
▓.▓.▓)▓.▓.▓.▓_▓


You could see a centaur warrior.

Vanquished Creatures
  4 dire elephants (D)
  Harold (D)
  A boulder beetle (D)
  Erica (D)
  A two-headed ogre (D)
  9 orc high priests (D)
  2 orc sorcerers (D)
  An ugly thing (D)
  4 elephants (D)
  A cyclops (D)
  A black mamba (D)
  Joseph (D)
  A gargoyle (D)
  A cane toad (D)
  An unseen horror (D)
  An efreet (D)
  2 komodo dragons (D)
  2 trolls (D)
  A polar bear (shapeshifter) (D)
  A slime creature (D)
  3 yaks (D)
  A vampire mosquito (D)
  An acid dragon (D)
  5 water moccasins (D)
  12 orc warriors (D)
  A wolf (D)
  2 kobold brigands (D)
  6 bullfrogs (D)
  A scorpion (D)
  A killer bee (D)
  2 hounds (D)
  6 orc priests (D)
  An iguana (D)
  3 orc wizards (D)
  An adder (D)
  6 orcs (D)
  A goblin (D)
  2 hobgoblins (D)
  A jackal (D)
  A kobold (D)
94 creatures vanquished.

Notes
Turn   | Place    | Note
-------+----------+-------------------------------------------
     0 | D        | mhtbhm the Octopode Transmuter began the quest for the Orb.
     0 | D        | Reached XP level 1. HP: 13/13 MP: 3/3
    14 | D        | Reached skill level 4 in Unarmed Combat
   218 | D        | Noticed an iguana
   218 | D        | Noticed a hound
   218 | D        | Noticed a hound
   218 | D        | Noticed a scorpion
   236 | D        | Killed an iguana
   237 | D        | Reached skill level 5 in Unarmed Combat
   237 | D        | Reached XP level 2. HP: 18/18 MP: 4/6
   237 | D        | Reached XP level 3. HP: 23/23 MP: 4/7
   241 | D        | Reached skill level 6 in Unarmed Combat
   241 | D        | Reached XP level 4. HP: 28/28 MP: 4/9
   244 | D        | Reached skill level 7 in Unarmed Combat
   246 | D        | Killed a scorpion
   247 | D        | Reached skill level 8 in Unarmed Combat
   247 | D        | Reached XP level 5. HP: 29/33 MP: 4/12
   377 | D        | Found a snail-covered altar of Cheibriados.
   377 | D        | Found a shadowy altar of Dithmenos.
   377 | D        | Found a white marble altar of Elyvilon.
   377 | D        | Found a blossoming altar of Fedhas.
   377 | D        | Found an opulent altar of Gozag.
   378 | D        | Found a hazy altar of Hepliaklqana.
   379 | D        | Found a viscous altar of Jiyva.
   380 | D        | Found an ancient bone altar of Kikubaaqudgha.
   381 | D        | Found a corrupted altar of Lugonu.
   382 | D        | Found a burning altar of Makhleb.
   383 | D        | Found a sparkling altar of Nemelex Xobeh.
   384 | D        | Found an iron altar of Okawaru.
   385 | D        | Became a worshipper of Gozag Ym Sagoz the Greedy
   386 | D        | Found a stormy altar of Qazlal.
   387 | D        | Found a sacrificial altar of Ru.
   388 | D        | Found a shimmering blue altar of Sif Muna.
   389 | D        | Found a bloodstained altar of Trog.
   390 | D        | Found a hide-covered altar of Uskayaw.
   391 | D        | Found a radiant altar of Vehumet.
   392 | D        | Found an ornate altar of the Wu Jian Council.
   393 | D        | Found a shimmering altar of Xom.
   394 | D        | Found a basalt altar of Yredelemnul.
   395 | D        | Found a glowing silver altar of Zin.
   396 | D        | Found a glowing golden altar of the Shining One.
   425 | D        | Learned a level 2 spell: Wereblood
   429 | D        | Learned a level 3 spell: Spider Form
   434 | D        | Learned a level 4 spell: Ice Form
   567 | D        | Noticed a kobold brigand
   567 | D        | Noticed a yak
   567 | D        | Noticed an acid dragon
   567 | D        | Noticed a kobold brigand
   567 | D        | Noticed a troll
   570 | D        | Killed a kobold brigand
   571 | D        | Reached skill level 9 in Unarmed Combat
   571 | D        | Reached skill level 5 in Spellcasting
   571 | D        | Reached XP level 6. HP: 38/38 MP: 6/13
   572 | D        | Killed a yak
   573 | D        | Reached skill level 5 in Dodging
   573 | D        | Reached skill level 1 in Stealth
   573 | D        | Reached skill level 10 in Unarmed Combat
   573 | D        | Reached skill level 5 in Transmutations
   573 | D        | Killed an acid dragon
   574 | D        | Reached skill level 11 in Unarmed Combat
   574 | D        | Reached skill level 1 in Ice Magic
   574 | D        | Reached XP level 7. HP: 40/43 MP: 7/16
   583 | D        | Killed a troll
   584 | D        | Reached skill level 12 in Unarmed Combat
   756 | D        | Noticed a two-headed ogre
   756 | D        | Noticed a troll
   756 | D        | Noticed a slime creature
   756 | D        | Noticed a vampire mosquito
   756 | D        | Noticed a gargoyle
   759 | D        | Killed a two-headed ogre
   760 | D        | Reached skill level 13 in Unarmed Combat
   760 | D        | Reached XP level 8. HP: 48/48 MP: 12/20
   764 | D        | Killed an unseen horror
   765 | D        | Reached XP level 9. HP: 52/53 MP: 13/21
   765 | D        | Killed a troll
   766 | D        | Reached skill level 14 in Unarmed Combat
   779 | D        | Reached skill level 1 in Evocations
   780 | D        | Killed a gargoyle
   781 | D        | Reached skill level 15 in Unarmed Combat
  1143 | D        | Noticed a komodo dragon
  1143 | D        | Noticed a cane toad
  1156 | D        | Killed a komodo dragon
  1165 | D        | Killed a cane toad
  1166 | D        | Reached XP level 10. HP: 32/60 MP: 19/23
  1174 | D        | Reached skill level 16 in Unarmed Combat
  1526 | D        | Noticed a black mamba
  1549 | D        | Killed a black mamba
  1550 | D        | Reached skill level 5 in Stealth
  1554 | D        | Reached skill level 10 in Spellcasting
  1563 | D        | Reached skill level 17 in Unarmed Combat
  1566 | D        | Noticed a dire elephant
  1566 | D        | Noticed a dire elephant
  1566 | D        | Noticed an elephant
  1566 | D        | Noticed a dire elephant
  1566 | D        | Noticed an elephant
  1566 | D        | Noticed an elephant
  1572 | D        | Noticed a dire elephant
  1572 | D        | Killed a dire elephant
  1576 | D        | Killed a dire elephant
  1590 | D        | Killed an elephant
  1591 | D        | Reached skill level 18 in Unarmed Combat
  1591 | D        | Reached XP level 11. HP: 20/68 MP: 25/25
  1950 | D        | Killed a dire elephant
  1951 | D        | Reached skill level 5 in Ice Magic
  2202 | D        | Reached skill level 19 in Unarmed Combat
  2212 | D        | Killed a dire elephant
  2595 | D        | Noticed Harold
  2610 | D        | Killed Harold
  2611 | D        | Reached skill level 10 in Dodging
  3003 | D        | Noticed an orc sorcerer
  3003 | D        | Noticed an orc sorcerer
  3008 | D        | Killed an orc sorcerer
  3009 | D        | Reached skill level 10 in Transmutations
  3011 | D        | Killed an orc sorcerer
  3012 | D        | Reached skill level 20 in Unarmed Combat
  3012 | D        | Noticed an orc high priest
  3031 | D        | Killed an orc high priest
  3275 | D        | Found Uzxuvitu's Antique Armour Emporium.
  3275 | D        | Noticed an orc high priest
  3275 | D        | Noticed an orc high priest
  3275 | D        | Noticed an orc high priest
  3275 | D        | Noticed an orc high priest
  3277 | D        | Killed an orc high priest
  3278 | D        | Found Ykudemum's Distillery.
  3279 | D        | Noticed an orc high priest
  3283 | D        | Noticed an orc high priest
  3285 | D        | Killed an orc high priest
  3286 | D        | Reached XP level 12. HP: 60/76 MP: 22/27
  3288 | D        | Killed an orc high priest
  3653 | D        | Killed an orc high priest
  3654 | D        | Reached skill level 5 in Fighting
  3654 | D        | Reached skill level 21 in Unarmed Combat
  3913 | D        | Killed an orc high priest
  3941 | D        | Killed an orc high priest
  3963 | D        | Found Ohisit's Antique Weapon Emporium.
  3968 | D        | Found Desimih's Book Shoppe.
  3970 | D        | Noticed an orc high priest
  3971 | D        | Noticed a sun demon
  3973 | D        | Noticed an orc high priest
  3979 | D        | Noticed a sun demon
  4366 | D        | Killed an orc high priest
  4402 | D        | Killed an orc high priest
  4691 | D        | Bought a potion of resistance for 120 gold pieces
  4691 | D        | Bought a potion of heal wounds for 60 gold pieces
  4691 | D        | Bought a potion of haste for 120 gold pieces
  4752 | D        | Noticed Erica
  4759 | D        | Killed Erica
  4763 | D        | Noticed Joseph
  4771 | D        | Killed Joseph
  4855 | D        | Bought 2 potions of lignification for 90 gold pieces
  4855 | D        | Bought a potion of ambrosia for 120 gold pieces
  4855 | D        | Bought a potion of haste for 150 gold pieces
  4855 | D        | Bought a potion of cancellation for 120 gold pieces
  4855 | D        | Bought a potion of curing for 45 gold pieces
  4855 | D        | Bought a potion of heal wounds for 75 gold pieces
  4855 | D        | Bought a potion of attraction for 45 gold pieces
  4855 | D        | Bought a potion of heal wounds for 75 gold pieces
  4857 | D        | Bought a book of the Dragon for 782 gold pieces
  4857 | D        | Bought a manual of Fighting for 1360 gold pieces
  4866 | D        | Learned a level 7 spell: Dragon Form
  5115 | D        | Noticed a boulder beetle
  5115 | D        | Noticed a centaur warrior
  5116 | D        | Noticed a death knight
  5120 | D        | Noticed a lich
  5122 | D        | Noticed a six-headed hydra
  5126 | D        | Killed a boulder beetle
  5127 | D        | Reached skill level 22 in Unarmed Combat
  5128 | D        | Noticed a spriggan berserker
  5144 | D        | Blown up by a lich

Illustrated notes

Levels and vault maps discovered:
D:        linesprint [early_d, line_temple, items_1, d_10, items_2, lair_1,
          lair_end, items_3, orc_1, orc_end, items_4, d_15, swamp_1, shoals_1,
          snake_1, spider_1, d_20, vaults_1, items_5, swamp_end, shoals_end,
          snake_end, spider_end, vaults_end, d_27, items_6, zot_1, zot_end,
          crypt_end, forest_end, elf_end, slime_end, tomb_end, abyss_end,
          pan_hell_end]

Skill      XL: |  1  2  3  4  5  6  7  8  9 10 11 12 |
---------------+-------------------------------------+-----
Unarmed Combat | 5 6 8 9 11 13 15 18 20 22 | 22.0
Spellcasting   | 3 4 5 6 8 9 10 11 12 | 12.6
Dodging        | 3 4 5 6 7 9 10 11 | 11.1
Transmutations | 3 4 5 7 8 9 10 11 | 11.6
Stealth        | 2 3 4 5 8 9 |  9.3
Ice Magic      | 1 2 3 4 5 6 |  6.6
Evocations     | 2 3 |  3.8
Fighting       | 2 3 4 7 |  7.0

Action                   |  1- 3 |  4- 6 |  7- 9 | 10-12 || total
-------------------------+-------+-------+-------+-------++-------
Melee: Unarmed           |    17 |    11 |    45 |   202 ||   275
       Constrict         |     4 |       |       |     1 ||     5
       Kick              |     3 |       |       |       ||     3
       Tentacles         |     2 |       |       |       ||     2
       Punch             |       |       |       |     2 ||     2
       Bite              |       |       |       |     1 ||     1
 Cast: Beastly Appendage |     1 |       |       |       ||     1
       Wereblood         |       |     1 |     2 |    15 ||    18
       Ice Form          |       |     1 |     2 |    13 ||    16
       Dragon Form       |       |       |       |     1 ||     1
Invok: Call Merchant     |       |       |       |     2 ||     2
Evoke: Wand              |       |       |     4 |     3 ||     7
  Use: Potion            |     2 |       |       |     6 ||     8
       Scroll            |       |       |       |     3 ||     3
 Stab: Distracted        |       |       |       |     4 ||     4
       Sleeping          |       |       |       |     1 ||     1
Armor: Skin              |     4 |     4 |     7 |    33 ||    48
Dodge: Dodged            |     4 |       |    17 |    74 ||    95

Table legend: (Time is in decaauts)
 A = Elapsed time spent in this place.
 B = Non-inter-level travel time spent in this place.
 C = Inter-level travel time spent in this place.
 D = Time resting spent in this place.
 E = Time spent auto-exploring this place.
 F = Levels seen in this place.
 G = Mean time per level.
                   A        B        C        D        E       F      G
               +--------+--------+--------+--------+--------+-----+--------+
         Total |   5039 |   5039 |      0 |   3121 |    828 |   1 | 5039.0 |
       Dungeon |   5039 |   5039 |      0 |   3121 |    828 |   1 | 5039.0 |
               +--------+--------+--------+--------+--------+-----+--------+

Top non-repeatable levels by time:
       D: 5039 daAuts
